AoeStats
← NDF

Nomad

503271952Analyzed
2v2 RM · 1mo ago on Aug 30, 2026· 58m 36s· 4 players
Game mode
Random Map
Map size
176×176
Population
200
Speed
Normal
Resources
Standard
Victory
Conquest
Starting age
Dark Age
Ending age
Imperial Age
RankedLock teamsTeams togetherTeam positionsShared explorationLock speedFull tech treeHidden civsTurbo modeCheats
Victory
Defeat
🇬🇧 Vietnamese · United Kingdom
639
+20
🇵🇪 Goths · Peru
591
+22
🇦🇷 Teutons · Argentina
719
-21
🇦🇷 Spanish · Argentina
718
-21
djd1993
17:49 Feudal Age
20:14 Wheelbarrow
19:35 Stone Mining
19:41 Double-Bit Axe
23:57 Castle Age
24:06 Fletching
24:18 Padded Archer Armor
25:02 Bodkin Arrow
27:32 Ballistics
28:29 Stone Shaft Mining
28:21 Hand Cart
28:02 Gold Mining
29:35 Leather Archer Armor
29:16 Horse Collar
35:12 Imperial Age
35:42 Elite Rattan Archer
36:59 Bracer
38:41 Chemistry
41:04 Ring Archer Armor
44:33 Paper Money
44:29 Bow Saw
☬ Akhundelar ☬
16:22 Feudal Age
16:42 Man-at-Arms
23:55 Castle Age
24:55 Long Swordsman
26:34 Scale Mail Armor
27:38 Elite Skirmisher
29:23 Pikeman
NDF
6:03 Loom
21:46 Feudal Age
21:58 Man-at-Arms
23:56 Arson
24:28 Bloodlines
27:53 Castle Age
26:27 Double-Bit Axe
26:24 Horse Collar
26:43 Gold Mining
27:26 Stone Mining
29:08 Crossbowman
32:38 Stone Shaft Mining
33:57 Bow Saw
37:19 Heavy Plow
38:02 Forging
42:00 Elite Skirmisher
46:35 Imperial Age
53:16 Padded Archer Armor
53:07 Fletching
53:53 Iron Casting
53:19 Scale Mail Armor
53:24 Scale Barding Armor
estebanpa
5:04 Loom
13:48 Feudal Age
15:41 Horse Collar
16:00 Man-at-Arms
17:47 Double-Bit Axe
17:56 Stone Mining
21:11 Gold Mining
21:55 Scale Mail Armor
22:06 Forging
26:03 Castle Age
25:33 Bloodlines
26:15 Town Watch
27:43 Scale Barding Armor
27:54 Chain Mail Armor
28:15 Iron Casting
30:09 Chain Barding Armor
40:10 Imperial Age
49:23 Wheelbarrow
53:46 Bow Saw
Connection lost

Rejoining the realm…

Still unreachable

The connection could not be restored.

Session expired

The server has moved on; the page needs a fresh start.